[Event "GrandPrix_29.05"]
[Site "Chess.com"]
[Date "2020.05.29"]
[Round "1"]
[White "MikaelyanArman1996"]
[Black "Korona_91"]
[Result "1-0"]
[WhiteElo "2555"]
[BlackElo "2082"]
[TimeControl "600+2"]
[EndTime "9:19:32 PDT"]
[Termination "MikaelyanArman1996 won by resignation"]

1. e4 e6 2. d4 d5 3. Nc3 Bb4 4. Ne2 Nf6 5. e5 Nfd7 6. a3 Be7 7. Be3 c5 8. f4 Nc6 9. Qd2 a6 10. dxc5 Nxc5 11. Nd4 Qc7 12. g3 Bd7 13. Bg2 f6 14. exf6 gxf6 15. O-O f5 16. Nxf5 exf5 17. Nxd5 Qd6 18.
Qc3 Rf8 19. Nxe7 Na4 20. Qb3 Nxe7 21. Rad1 Qe6 22. c4 Rc8 23. Rfe1 b5 24. Bf2 Qxc4 25. Qe3 Qf7 26. Qa7 Rd8 27. Rxd7 1-0

[Event "GrandPrix_29.05"]
[Site "Chess.com"]
[Date "2020.05.29"]
[Round "1"]
[White "Rikikits"]
[Black "Mikhail_Golubev"]
[Result "1-0"]
[WhiteElo "2691"]
[BlackElo "2189"]
[TimeControl "600+2"]
[EndTime "9:19:34 PDT"]
[Termination "Rikikits won on time"]

1. e4 c5 2. Nc3 Nc6 3. Bb5 Nd4 4. Nf3 a6 5. Bd3 Nxf3+ 6. Qxf3 g6 7. h4 h5 8. a4 Bg7 9. Bc4 e6 10. d3 b6 11. Bg5 Qc7 12. O-O Bb7 13. Rae1 Nh6 14. g3 Ng4 15. Qg2 O-O 16. Bb3 f5 17. f3 Bd4+ 18.
Kh1 fxe4 19. Nxe4 Nf6 20. c3 Nxe4 21. dxe4 Bg7 22. Kh2 Rf7 23. Qd2 Raf8 24. f4 c4 25.
Bc2 Qc6 26. Rd1 d5 27. Rfe1 Kh7 28. Qe2 Rd7 29. exd5 Rxd5 30. Be4 1-0

[Event "GrandPrix_29.05"]
[Site "Chess.com"]
[Date "2020.05.29"]
[Round "1"]
[White "Pidzsy"]
[Black "Petriashvili02"]
[Result "0-1"]
[WhiteElo "2121"]
[BlackElo "2203"]
[TimeControl "600+2"]
[EndTime "9:19:40 PDT"]
[Termination "Petriashvili02 won by resignation"]

1. e4 c6 2. Nf3 d5 3. Nc3 dxe4 4.
Nxe4 Nf6 5. Nxf6+ exf6 6. d4 Bd6 7. Bd3 O-O 8. O-O Bg4 9. h3 Bh5 10. Bf5 Nd7 11. Qd3 Bg6 12. Re1 Qc7 13. Bd2 Rad8 14.
Bxg6 hxg6 15. c4 c5 16. d5 Rfe8 17. Bc3 a6 18. Re2 Qb8 19. Rae1 Rxe2 20. Qxe2 b5 21. b3 Kf8 22. Nd2 Re8 23. Qxe8+ Qxe8 24. Rxe8+ Kxe8 25. g3 Be5 26. Bxe5 fxe5 27. cxb5 axb5 28. a4 c4 29. bxc4 bxa4 30. Nb1 Nb6 31. Na3 Kd7 32. Kf1 Kd6 33. Ke2 Kc5 34. Kd3 Kb4 35. Nc2+ Kb3 36.
d6 Nd7 37. f3 f5 38. Na1+ Kb2 39. c5 Nxc5+ 40. Kc4 Nd7 41. Kb4 Kxa1 42. Kxa4 Kb2 43. Kb4 Kc2 44. Kc4 Nf6 45. g4 fxg4 46. hxg4 g5 47. Kc5 Kd3 48. d7 Nxd7+ 49. Kd6 Ke3 50.
Kxd7 Kxf3 0-1

[Event "GrandPrix_29.05"]
[Site "Chess.com"]
[Date "2020.05.29"]
[Round "1"]
[White "MartinCerveny"]
[Black "Sunerorlater"]
[Result "1/2-1/2"]
[WhiteElo "2213"]
[BlackElo "2413"]
[TimeControl "600+2"]
[EndTime "9:19:46 PDT"]
[Termination "Game drawn by repetition"]

1. d4 Nf6 2. Nf3 d5 3. c4 dxc4 4. e3 Bg4 5. Bxc4 e6 6. O-O a6 7. a3 Nc6 8. h3 Bh5 9. Be2 Bd6 10. Nc3 O-O 11. b4 Qe8 12. Bb2 Rd8 13. Qb3 e5 14. dxe5 Nxe5 15. Nxe5 Qxe5 16. g3 Bxe2 17. Nxe2 Qf5 18. Bxf6 Qxf6 19. Qc4 Qf5 20. Kg2 Rfe8 21.
Rad1 Re4 22. Qd5 Qxd5 23. Rxd5 Rc4 24. Rfd1 Re8 25. R1d3 g6 26. R5d4 Rc2 27. Rd2 Rxd2 28. Rxd2 Kf8 29. Rd3 Re5 30. f4 Re4 31. Nd4 Re8 32.
Kf3 Ke7 33. e4 f6 34. Nb3 Rc8 35. Na5 b6 36. Nc4 Ke6 37. g4 Be7 38. f5+ Kf7 39.
Rd7 Ke8 40. Rd5 b5 41. Nb2 c5 42. bxc5 Rxc5 43. Rxc5 Bxc5 44. a4 Bd4 45. axb5 Bxb2 46. bxa6 Bd4 47. fxg6 hxg6 48. h4 Kf7 49. e5 fxe5 50.
Ke4 Kf6 51. Kd5 Ba7 52. Ke4 Bb8 53. Kd5 Ba7 54. Ke4 Bb8 55. Kd5 Ba7 1/2-1/2

[Event "GrandPrix_29.05"]
[Site "Chess.com"]
[Date "2020.05.29"]
[Round "1"]
[White "Onischuk_V"]
[Black "Promacherr"]
[Result "1-0"]
[WhiteElo "2691"]
[BlackElo "2190"]
[TimeControl "600+2"]
[EndTime "9:19:56 PDT"]
[Termination "Onischuk_V won by resignation"]

1. e4 e6 2. d4 d5 3. Bd3 c5 4. exd5 exd5 5. Nf3 c4 6. Be2 Nf6 7. O-O Bd6 8. b3 cxb3 9. axb3 O-O 10. c4 Nc6 11. Nc3 Bg4 12. Be3 a6 13. h3 Bh5 14. c5 Bc7 15. Bg5 Nb4 16. Ne5 Bxe2 17. Qxe2 Re8 18. Rfe1 h6 19. Bh4 Re6 20. Qd2 Nc6 21.
Ng4 Ne4 22. Bxd8 Nxd2 23. Bxc7 Nxb3 24. Rab1 Ncxd4 25. Bd6 a5 26. Na4 Rae8 27. Rxe6 fxe6 28. Ne5 Rc8 29. Nd3 Rc6 30. Be5 1-0

[Event "GrandPrix_29.05"]
[Site "Chess.com"]
[Date "2020.05.29"]
[Round "1"]
[White "BogdanBelyakov89"]
[Black "Kobalia"]
[Result "1/2-1/2"]
[WhiteElo "2314"]
[BlackElo "2134"]
[TimeControl "600+2"]
[EndTime "9:19:59 PDT"]
[Termination "Game drawn by repetition"]

1. e4 c5 2. c3 Nf6 3. e5 Nd5 4. Nf3 e6 5. d4 cxd4 6. cxd4 d6 7. Bc4 Nb6 8. Bd3 Nc6 9. a3 dxe5 10.
dxe5 Nd7 11. Bf4 Nc5 12. Bc2 Qxd1+ 13. Kxd1 a5 14. Nbd2 Be7 15. Ne4 O-O 16. Rc1 h6 17.
h4 a4 18. Ke2 b6 19. Nxc5 Bxc5 20. Rhd1 Ba6+ 21. Bd3 Bxd3+ 22. Rxd3 Ne7 23. Be3 Nd5 24. g3 Bxe3 25. fxe3 Rfc8 26. Rdd1 Kf8 27. e4 Ne7 28. Nd4 Rc5 29. Nf3 Ke8 30. Rc3 Rxc3 31. bxc3 Rc8 32. Rc1 Nc6 33. Rb1 Na5 34. Rxb6 Rxc3 35. Ra6 Nc4 36. Rxa4 Nxa3 37. Ra8+ Ke7 38. Ra7+ Ke8 39.
Ra8+ Ke7 40. Ra7+ Ke8 41. Ra8+ 1/2-1/2

[Event "GrandPrix_29.05"]
[Site "Chess.com"]
[Date "2020.05.29"]
[Round "1"]
[White "switlave"]
[Black "Nuvas"]
[Result "0-1"]
[WhiteElo "1394"]
[BlackElo "2243"]
[TimeControl "600+2"]
[EndTime "9:20:01 PDT"]
[Termination "Nuvas won by resignation"]

1. d4 d5 2. Bf4 Nf6 3. e3 e6 4. Nd2 Bd6 5. Ngf3 O-O 6. Bd3 Bxf4 7. exf4 b6 8. Qe2 a5 9. O-O Ba6 10. a4 c5 11. Bxa6 Nxa6 12. c3 Qd6 13. g3 Rfb8 14. Rfe1 Nd7 15. h4 Nc7 16. h5 h6 17. Kg2 Rb7 18.
Rg1 Rab8 19. Ne5 cxd4 20. cxd4 Nxe5 21. fxe5 Qb4 22. Qd3 b5 23. b3 Qe7 24. Rgc1 Na6 25.
Qc3 Nb4 26. Qc5 Qg5 27. Qc3 Qxh5 28. axb5 Rxb5 29. Nf3 Qg6 30. Qc8+ Rxc8 31. Rxc8+ Kh7 0-1

[Event "GrandPrix_29.05"]
[Site "Chess.com"]
[Date "2020.05.29"]
[Round "1"]
[White "am00ss00"]
[Black "Angry_Twin"]
[Result "0-1"]
[WhiteElo "2111"]
[BlackElo "2552"]
[TimeControl "600+2"]
[EndTime "9:20:06 PDT"]
[Termination "Angry_Twin won by resignation"]

1. e4 c5 2. Nc3 Nc6 3. g3 g6 4. Bg2 Bg7 5. d3 d6 6. f4 e6 7. Nf3 Nge7 8. O-O O-O 9. Be3 Rb8 10.
Qd2 b5 11. Rae1 b4 12. Nd1 a5 13. g4 f5 14. gxf5 exf5 15. e5 h6 16. Qf2 Re8 17. exd6 Qxd6 18. Bxc5 Qxf4 19. Ne3 Be6 20. Nc4 Bxc4 21.
dxc4 Qxc4 22. Kh1 Kh7 23. b3 Qf7 24. Qh4 Bf6 25. Qf4 Rbc8 26. Qd6 Bg7 27. Re2 Red8 28. Rxe7 Nxe7 29. Qxe7 Qxe7 30. Bxe7 Rd7 31. Bh4 Rxc2 32. Re1 Rxa2 33. Bf1 g5 34. Nxg5+ hxg5 35. Bxg5 Ra1 36.
Rxa1 Bxa1 37. Bc4 Rc7 38. Be6 Kg6 39. Bd8 Rc6 40. Bd7 Rc3 41. Be6 a4 42. bxa4 b3 43.
a5 b2 44. Ba2 Rc1+ 45. Kg2 b1=Q 46. Bxb1 Rxb1 47. a6 Bd4 0-1

[Event "GrandPrix_29.05"]
[Site "Chess.com"]
[Date "2020.05.29"]
[Round "1"]
[White "SacrificeGod"]
[Black "Vazgen352"]
[Result "0-1"]
[WhiteElo "2319"]
[BlackElo "2360"]
[TimeControl "600+2"]
[EndTime "9:20:10 PDT"]
[Termination "Vazgen352 won by resignation"]

1. e4 e6 2. d4 d5 3. Nd2 dxe4 4. Nxe4 Nd7 5. Nf3 Ngf6 6. Nxf6+ Nxf6 7. Bg5 Be7 8. Bd3 h6 9. Bh4 O-O 10. Qe2 c5 11.
dxc5 Qa5+ 12. c3 Qxc5 13. O-O-O Bd7 14. g4 Bc6 15. Rhg1 Nd5 16. Bxe7 Qxe7 17. Bc2 Rac8 18. g5 h5 19. Ne5 g6 20. Bxg6 Nf4 21. Qc2 fxg6 22.
Nxg6 Nxg6 23. Qxg6+ Qg7 24. Qxe6+ Qf7 25. Qh6 Be4 26.
Rge1 Qg6 27. Qxg6+ Bxg6 28. Re7 Rce8 29. Rdd7 Rxe7 30.
Rxe7 Rxf2 31. Rxb7 Rxh2 32. Rxa7 h4 33. Ra4 h3 34. Rh4 Bf5 35. a4 Rc2+ 36. Kd1 Rxb2 37. a5 h2 0-1

[Event "GrandPrix_29.05"]
[Site "Chess.com"]
[Date "2020.05.29"]
[Round "1"]
[White "Alex_Krayz"]
[Black "mishikomchedlishvili"]
[Result "0-1"]
[WhiteElo "2183"]
[BlackElo "1637"]
[TimeControl "600+2"]
[EndTime "9:20:11 PDT"]
[Termination "mishikomchedlishvili won by resignation"]

1. e4 c5 2. Nf3 e6 3. c3 Nf6 4.
e5 Nd5 5. d4 cxd4 6. cxd4 d6 7.
Bc4 Nc6 8. O-O Be7 9. Qe2 O-O 10. Bd2 Qb6 11. Nc3 Nxd4 12. Nxd4 Qxd4 13. exd6 Bxd6 14. Nb5 Qe5 15. Nxd6 Qxd6 16. Rad1 Bd7 17. Bxd5 exd5 18. Bc3 Rfe8 19. Qh5 Bc6 20. Rd4 Qg6 21. Qf3 Re4 22. Rfd1 Rae8 23. h3 h5 24. Kh2 a6 25.
a3 Kh7 26. Kg1 R8e6 27. R1d3 Bb5 28. Rd2 Bc4 29. Kh2 h4 30. Qd1 Qg5 31. Qc2 Qf4+ 32. g3 hxg3+ 33. fxg3 Qe3 34. b3 Rg6 35. Rg2 Rxd4 36. Bxd4 Qxd4 37. bxc4 dxc4 38. Qf5 Qf6 39. Qe4 Qc6 40. Qf5 Kg8 41. Rd2 Re6 42. h4 c3 43. Rd8+ Re8 44. Rxe8+ Qxe8 45. Qc5 Qc6 0-1

[Event "GrandPrix_29.05"]
[Site "Chess.com"]
[Date "2020.05.29"]
[Round "1"]
[White "Andrei_Belozerov"]
[Black "ulkaf961"]
[Result "1-0"]
[WhiteElo "2174"]
[BlackElo "2026"]
[TimeControl "600+2"]
[EndTime "9:20:14 PDT"]
[Termination "Andrei_Belozerov won by resignation"]

1. e4 e6 2. d4 d5 3. Nd2 a6 4. Ngf3 Nf6 5. Bd3 c5 6. exd5 exd5 7. O-O Be7 8. dxc5 O-O 9. Nb3 Nbd7 10. Be3 Qc7 11.
c3 Ne4 12. Bc2 Ndf6 13. h3 Bf5 14. Qd4 Rfe8 15. Rad1 Rad8 16. Rfe1 Bg6 17. Ne5 Bh5 18. f3 Nxc5 19. Nxc5 Bxc5 20. Qxc5 Qxe5 21. Qd4 Qxd4 22. Bxd4 Nd7 23. Bb3 Bg6 24. Bxd5 b6 25. Rxe8+ Rxe8 26. Bc6 Re7 27. Bxb6 Nf8 28. Rd8 Re5 29. b4 1-0

[Event "GrandPrix_29.05"]
[Site "Chess.com"]
[Date "2020.05.29"]
[Round "1"]
[White "Batica1984"]
[Black "viktorko131"]
[Result "1-0"]
[WhiteElo "1860"]
[BlackElo "2194"]
[TimeControl "600+2"]
[EndTime "9:20:18 PDT"]
[Termination "Batica1984 won by checkmate"]

1. e4 c5 2. Nf3 Nc6 3. Nc3 Nf6 4.
Bb5 Qc7 5. O-O Nd4 6. Re1 Ng4 7. e5 Nxf3+ 8. Qxf3 Nxe5 9. Qg3 f6 10. d3 a6 11. Ba4 b5 12. Bb3 Bb7 13. f4 Nc6 14. Be3 Nd4 15. Bxd4 cxd4 16. Ne4 e6 17. a4 b4 18.
Rac1 Kf7 19. Qg4 Bxe4 20. Rxe4 g6 21. f5 gxf5 22. Qxf5 Qc5 23. Bxe6+ dxe6 24. Qxe6+ Kg7 25. Rg4+ Kh6 26. Qxf6+ Kh5 27. Rh4# 1-0

[Event "GrandPrix_29.05"]
[Site "Chess.com"]
[Date "2020.05.29"]
[Round "1"]
[White "sahidi"]
[Black "Semen_Khanin"]
[Result "0-1"]
[WhiteElo "2049"]
[BlackElo "2503"]
[TimeControl "600+2"]
[EndTime "9:20:27 PDT"]
[Termination "Semen_Khanin won on time"]

1. e3 Nf6 2. Nf3 g6 3. d4 Bg7 4. Be2 O-O 5. O-O d6 6. c3 Nbd7 7. Nbd2 e5 8. Qc2 Re8 9. e4 c6 10. Rd1 Qc7 11. dxe5 dxe5 12. b4 Nf8 13. Bb2 Ne6 14. Nc4 Nf4 15. Ne3 Nxe2+ 16. Qxe2 Nxe4 17. c4 Be6 18. Rac1 f5 19. Nd5 Qf7 20. Nxe5 Bxe5 21. Bxe5 Bxd5 22. cxd5 Rxe5 23. dxc6 Re7 24. cxb7 Rxb7 25.
Qa6 Re8 26. a3 Rbe7 27. h3 f4 28. Rc8 f3 29. Rxe8+ Rxe8 30. gxf3 Ng5 31. Qc6 Nxh3+ 32. Kf1 Nf4 33. Rd7 Qa2 0-1

[Event "GrandPrix_29.05"]
[Site "Chess.com"]
[Date "2020.05.29"]
[Round "1"]
[White "weplaychess09"]
[Black "MilosJi"]
[Result "0-1"]
[WhiteElo "2098"]
[BlackElo "2550"]
[TimeControl "600+2"]
[EndTime "9:20:28 PDT"]
[Termination "MilosJi won by resignation"]

1. d4 d5 2. c4 e6 3. Nc3 Nf6 4. Bg5 Nbd7 5. e3 c6 6. Nf3 Qa5 7. Nd2 dxc4 8. Bxf6 Nxf6 9. Nxc4 Qc7 10. Be2 Bd7 11.
Rc1 c5 12. Ne5 a6 13. O-O Bd6 14. f4 O-O 15. Qe1 Rfd8 16. Qh4 Rac8 17. Rf3 cxd4 18. exd4 Qb6 19. Rd1 Be8 20. Kh1 Be7 21. Nc4 Qa7 22.
f5 exf5 23. Rxf5 b5 24. Ne5 Bd7 25. Rf3 Be6 26. Rg3 g6 27. Bf3 Nd5 28. Qh6 Bf8 29.
Qh4 Qe7 30. Qe4 Bg7 31. Re1 Qd6 32. Rc1 Nxc3 33. bxc3 Qxd4 34. Qxd4 Rxd4 35. Nc6 Rd7 36. h4 Rdc7 37. Na5 Rxc3 38. Rxc3 Rxc3 39. h5 Be5 40. Rg5 Rc1+ 0-1

[Event "GrandPrix_29.05"]
[Site "Chess.com"]
[Date "2020.05.29"]
[Round "1"]
[White "Hrant_ChessMood"]
[Black "rfhfb"]
[Result "1-0"]
[WhiteElo "2684"]
[BlackElo "2184"]
[TimeControl "600+2"]
[EndTime "9:20:51 PDT"]
[Termination "Hrant_ChessMood won on time"]

1. e4 e5 2. Nf3 Nc6 3. Bc4 Bc5 4. c3 Nf6 5. d4 exd4 6. e5 d5 7. Bb5 Ne4 8. cxd4 Bb6 9. Be3 O-O 10. Nc3 Bg4 11. h3 Bxf3 12. gxf3 Nxc3 13. bxc3 Ne7 14.
Bd3 f5 15. O-O f4 16. Bc1 Nf5 17. Kh2 Qh4 18. Qc2 g6 19. Ba3 Rf7 20. Rg1 Kh8 21. Rg4 Qh6 22. Rag1 Re8 23. e6 Rf6 24. Bxf5 gxf5 25.
Rg5 Rg6 26. Qxf5 Rxg5 27. Rxg5 Qxe6 28. Qxf4 c6 29. Bd6 1-0

[Event "GrandPrix_29.05"]
[Site "Chess.com"]
[Date "2020.05.29"]
[Round "1"]
[White "ebret"]
[Black "AliKa2810"]
[Result "1-0"]
[WhiteElo "2111"]
[BlackElo "2027"]
[TimeControl "600+2"]
[EndTime "9:20:51 PDT"]
[Termination "ebret won by resignation"]

1. d4 Nf6 2. Nf3 d5 3. Bf4 c5 4.
e3 Nc6 5. c3 Qb6 6. Qc2 g6 7.
Nbd2 Bf5 8. dxc5 Qxc5 9. Qb3 Bc8 10. Qb5 Qxb5 11. Bxb5 a6 12. Be2 Bg7 13. O-O O-O 14.
Rfd1 h6 15. Ne5 g5 16. Bg3 Bf5 17. h3 Rac8 18. Ndf3 Rfd8 19. Nxc6 bxc6 20. Bxa6 Ra8 21. Bb7 Ra7 22. Bxc6 e6 23. a4 Ne4 24. Be5 Rc8 25.
Bb5 g4 26. hxg4 Bxg4 27. Bxg7 Kxg7 28. Rdc1 Bxf3 29. gxf3 Nc5 30. Ra2 Nb3 31. Rd1 Kf6 32. Kf1 h5 33. Bd3 h4 34. Kg2 Ke7 35. Bc2 Nc5 36. Rd4 Rh8 37. Kh3 f5 38. Rxh4 Rxh4+ 39. Kxh4 Kf6 40. f4 Rg7 41. b4 Ne4 42. Bxe4 fxe4 43.
a5 Kf5 44. a6 Rh7+ 45. Kg3 Rg7+ 46. Kh3 Rh7+ 47. Kg2 Rg7+ 48. Kf1 Kg4 49. Ke2 1-0

[Event "GrandPrix_29.05"]
[Site "Chess.com"]
[Date "2020.05.29"]
[Round "1"]
[White "Sakkcapak"]
[Black "iceboy88"]
[Result "0-1"]
[WhiteElo "2137"]
[BlackElo "2566"]
[TimeControl "600+2"]
[EndTime "9:20:54 PDT"]
[Termination "iceboy88 won by resignation"]

1. c4 b6 2. e4 e5 3. Nc3 Nc6 4.
Nf3 Bc5 5. Be2 d6 6. O-O Nge7 7.
d3 O-O 8. a3 a5 9. Nd5 Nd4 10.
Nxd4 Bxd4 11. Bg4 Nxd5 12. Bxc8 Qxc8 13. exd5 c6 14. Qf3 cxd5 15. Qxd5 Qc5 16. Qxc5 bxc5 17. Rb1 Rfb8 18. Rd1 Rb3 19. Rd2 Rab8 20. Kf1 Rxa3 21.
Ke2 a4 22. Kd1 Ra2 23. Rc2 Rb3 24. f3 Rxd3+ 25. Bd2 Be3 26. Ke2 Rxd2+ 27. Rxd2 Bxd2 28.
Kxd2 a3 29. Kc3 Rxb2 30. Ra1 Rxg2 31. Rxa3 g5 32. Kd3 Rxh2 33. Ke4 Rh4+ 34. Kf5 Kg7 35.
Kxg5 Rxc4 36. Rd3 Rd4 37. Ra3 h6+ 38. Kh5 c4 0-1

[Event "GrandPrix_29.05"]
[Site "Chess.com"]
[Date "2020.05.29"]
[Round "1"]
[White "RovenVogel"]
[Black "Korchmar_Vasiliy"]
[Result "0-1"]
[WhiteElo "1974"]
[BlackElo "2051"]
[TimeControl "600+2"]
[EndTime "9:21:01 PDT"]
[Termination "Korchmar_Vasiliy won by resignation"]

1. d4 Nf6 2. c4 e6 3. Nf3 d5 4. Nc3 Bb4 5. e3 O-O 6. Bd2 b6 7. Rc1 Ba6 8. Qb3 c5 9. a3 Bxc3 10. Bxc3 Nc6 11. dxc5 bxc5 12. Bxf6 Qxf6 13. cxd5 Bxf1 14.
Rxf1 exd5 15. Rxc5 Ne5 16. Nxe5 Qxe5 17. f4 Qe7 18.
Rc2 d4 19. Kf2 Rad8 20. Re2 Rfe8 21. Rd1 dxe3+ 22. Qxe3 Qh4+ 23. Qg3 Rxe2+ 24. Kxe2 Qe7+ 0-1

[Event "GrandPrix_29.05"]
[Site "Chess.com"]
[Date "2020.05.29"]
[Round "1"]
[White "monalize"]
[Black "econpower"]
[Result "1-0"]
[WhiteElo "2094"]
[BlackElo "1992"]
[TimeControl "600+2"]
[EndTime "9:21:05 PDT"]
[Termination "monalize won by resignation"]

1. e4 d6 2. d4 Nf6 3. Nc3 e5 4. Nf3 Nbd7 5. g3 Be7 6. Bg2 O-O 7. O-O c6 8. a4 Qc7 9. Re1 Re8 10. h3 Bf8 11.
Be3 b6 12. Qd2 Bb7 13. Nh4 a6 14. d5 b5 15. dxc6 Bxc6 16. Nd5 Qb7 17. a5 Bxd5 18. exd5 Rac8 19. Nf5 g6 20. Nh6+ Kg7 21. Rad1 Rc4 22. Bf1 Rc7 23. c3 Rec8 24. Bg5 Ng8 25. Ng4 f5 26. Nh6 Ngf6 27. Bh4 Ne4 28. Rxe4 fxe4 29. Qg5 Re8 30. Bg2 Rc4 31. Ng4 Be7 32. Qh6+ Kg8 33.
Ne3 Rcc8 34. Bxe4 Nf8 35. Ng4 Bxh4 36. Qxh4 Re7 37. Qf6 Rg7 38. Qxd6 h5 39. Nf6+ Kh8 40. Qxe5 Nd7 41. Nxd7 Qxd7 42. h4 Re8 43. Qd4 Qg4 44. Bg2 Qxd4 45. Rxd4 Rd7 46. Be4 Kg7 47. Kg2 Kf6 48. f4 Rd6 49. Kf3 Rc8 50. Ke3 Ke7 51. Kd3 Rf6 52. Bg2 Kd6 53. Bh3 Rc7 54. Be6 Rf8 55.
Re4 Re7 56. Re5 Rc7 57. Rg5 Rf6 58. b3 Kc5 59. Re5 Kd6 60. Kd4 Rf8 61. Rg5 Rf6 62. c4 bxc4 63. bxc4 Rc5 64. Re5 Rxa5 65. Bh3 Rc5 66. Re8 Rc7 67. Rd8+ Ke7 68. Ra8 Rb6 69. c5 Rb4+ 70. Kc3 Rxc5+ 71. Kxb4 Rxd5 72. Rxa6 1-0

[Event "GrandPrix_29.05"]
[Site "Chess.com"]
[Date "2020.05.29"]
[Round "1"]
[White "IriBu"]
[Black "VitaliyBernadskiy"]
[Result "0-1"]
[WhiteElo "1771"]
[BlackElo "2389"]
[TimeControl "600+2"]
[EndTime "9:21:08 PDT"]
[Termination "VitaliyBernadskiy won by resignation"]

1. e4 c5 2. Nf3 d6 3. d4 cxd4 4. Nxd4 Nf6 5. Nc3 a6 6. h3 e5 7. Nb3 b5 8. Bg5 Be7 9. Bxf6 Bxf6 10. g3 Be6 11. Bg2 O-O 12. O-O Nc6 13. Nd5 Bg5 14. c3 Ne7 15. f4 Bxd5 16. exd5 exf4 17. gxf4 Bf6 18. Qd3 Qb6+ 19. Kh1 Ng6 20. Nd2 Rfe8 21. Ne4 Bh4 22. f5 Ne5 23. Qd2 Qd8 24. f6 Bxf6 25. Rxf6 gxf6 26. Qh6 Ng6 27. Ng3 Re5 28. Rf1 Qf8 29.
Qxf8+ Kxf8 30. Rxf6 Ke7 31. Rf2 Nh4 32. Kh2 Nxg2 33. Rxg2 Rxd5 34. Rf2 Ke6 35. h4 Rg8 36. Ne4 Rh5 37. Kh3 Rh6 38. Ng3 Rf6 39. Re2+ Kd7 40. Re3 d5 41. Rd3 Kc6 42. a3 Rf2 43. b4 f5 44. Nh5 Rg6 45. Rd4 Rf3+ 46. Kh2 Rxc3 47. Nf4 Rg4 0-1

[Event "GrandPrix_29.05"]
[Site "Chess.com"]
[Date "2020.05.29"]
[Round "1"]
[White "rusuvlad95"]
[Black "sergoy"]
[Result "0-1"]
[WhiteElo "2089"]
[BlackElo "2548"]
[TimeControl "600+2"]
[EndTime "9:21:26 PDT"]
[Termination "sergoy won by resignation"]

1. e4 c5 2. Nf3 d6 3. d4 cxd4 4. Nxd4 Nf6 5. Nc3 a6 6. Be2 e5 7.
Nb3 Be7 8. Be3 Be6 9. O-O O-O 10. Kh1 Nbd7 11. f4 b5 12. Bf3 Rc8 13. f5 Bc4 14.
Rg1 b4 15. Ne2 Nb6 16. g4 d5 17. Ng3 dxe4 18. Nxe4 Nbd5 19. Bd2 Nxe4 20. Bxe4 Nf6 21. Bf3 Bd5 22. c3 Rc4 23. h3 Qa8 24. Bxd5 Qxd5+ 25. Kh2 a5 26. Be1 Rd8 27. Nd2 Rcc8 28. cxb4 Bxb4 29. Rg2 e4 30. Qe2 Rc2 31. Rd1 Qe5+ 32. Bg3 Qxb2 33.
Nc4 Rxd1 34. Qxc2 Qxc2 35. Rxc2 h6 36. a3 Be7 37. Nxa5 Bxa3 38. Nc4 Bb4 39. Ne3 Rd3 40.
Bf4 Bd2 41. Ng2 e3 42. Kg1 Nd5 43. Kf1 Nc3 44. Nxe3 Bxe3 45. Bxe3 Rxe3 46. Kg2 Ne4 47. Rc8+ Kh7 48. Rc4 f6 49. Kh2 Re2+ 50. Kg1 Ng5 51. Rc3 Nf7 52. Kf1 Ra2 53. h4 Ne5 54. g5 hxg5 55.
hxg5 fxg5 56. Rc5 Nf3 57. Rc3 g4 58. Rb3 0-1

[Event "GrandPrix_29.05"]
[Site "Chess.com"]
[Date "2020.05.29"]
[Round "1"]
[White "WhiteCapital80"]
[Black "yamalchess"]
[Result "0-1"]
[WhiteElo "1769"]
[BlackElo "2339"]
[TimeControl "600+2"]
[EndTime "9:21:30 PDT"]
[Termination "yamalchess won by resignation"]

1. e4 e5 2. Nf3 Nc6 3. Bb5 a6 4. Ba4 Nf6 5. d4 exd4 6. O-O Be7 7.
e5 Ne4 8. Nxd4 Nxd4 9. Qxd4 Nc5 10. Nc3 O-O 11. Nd5 Nxa4 12. Qxa4 b5 13. Qd4 Bb7 14. Bf4 Re8 15. Nxe7+ Qxe7 16. Rad1 Bc6 17. a3 Qe6 18. Bg3 Qf5 19. Rd2 Re6 20. f3 h5 21. h4 Rg6 22. Kh2 Kh7 23. Rc1 Re8 24. c4 Ree6 25.
cxb5 axb5 26. Qf4 Qxf4 27. Bxf4 Re8 28. b4 Ra8 29. Rc3 Re6 30. Rdd3 Kg6 31. g4 Ra7 32. Rc5 hxg4 33. fxg4 f6 34. Kg3 fxe5 35. Rxe5 Rxe5 36. Bxe5 d6 37. Bb2 Be4 38. Re3 d5 39. h5+ Kf7 40. Re2 c6 41. Rf2+ Kg8 42. Kf4 0-1

[Event "GrandPrix_29.05"]
[Site "Chess.com"]
[Date "2020.05.29"]
[Round "1"]
[White "Zadar321"]
[Black "vpantev"]
[Result "0-1"]
[WhiteElo "2028"]
[BlackElo "2172"]
[TimeControl "600+2"]
[EndTime "9:21:31 PDT"]
[Termination "vpantev won by resignation"]

1. e4 c6 2. Nc3 d5 3. Qf3 e6 4.
d4 dxe4 5. Qxe4 Nf6 6. Qh4 Nd5 7.
Qxd8+ Kxd8 8. Bd2 Nxc3 9. Bxc3 Nd7 10. Nf3 f6 11. O-O-O Nb6 12. Bd3 Nd5 13. Bd2 b5 14.
Rhe1 Bd6 15. g3 a5 16. Kb1 Bd7 17. c3 a4 18. a3 g5 19. h4 g4 20. Ng1 h5 21.
Ne2 Kc7 22. Rc1 Rab8 23. Ka1 Kb7 24. c4 bxc4 25. Rxc4 Ra8 26. Bc2 Nb6 27. Rc3 Nd5 28.
Rc4 Nb6 29. Rc3 Nd5 30. Rd3 Be8 31. Bc1 Bg6 32. Rd2 Bxc2 33. Rxc2 Kc7 34. Nc3 Kd7 35.
Ne4 Rhb8 36. Bd2 Rb3 37. Rec1 Ra6 38. Nc3 Nxc3 39. Bxc3 f5 40. Re2 Ra8 41. Ka2 f4 42.
Rce1 fxg3 43. fxg3 Bxg3 44. Rf1 Re8 45. Bb4 Rf3 46.
Rh1 Bf2 47. Re5 Rf5 48. Re2 g3 49. Ree1 Bxe1 50. Rxe1 g2 51. Rg1 Rg8 52. d5 cxd5 53. Bc5 Rf1 54. b3 Rxg1 55. Bxg1 axb3+ 56. Kxb3 Rf8 0-1

[Event "GrandPrix_29.05"]
[Site "Chess.com"]
[Date "2020.05.29"]
[Round "1"]
[White "nikosgal"]
[Black "Pultis"]
[Result "1-0"]
[WhiteElo "2286"]
[BlackElo "2225"]
[TimeControl "600+2"]
[EndTime "9:21:34 PDT"]
[Termination "nikosgal won on time"]

1. d4 Nf6 2. c4 g6 3. Nc3 d5 4. cxd5 Nxd5 5. Na4 Bf5 6. f3 e5 7. g3 Bb4+ 8. Kf2 e4 9. Bh3 e3+ 10. Kg2 Bxh3+ 11. Nxh3 Nc6 12. a3 Be7 13. Qd3 O-O 14. Rd1 Bf6 15. Nc5 Bxd4 16. Nxb7 Qf6 17. Na5 Nxa5 18. Qxd4 Qxd4 19. Rxd4 Nb3 20. Rxd5 Nxa1 21. Bxe3 a5 22. Nf4 a4 23. Rc5 Rab8 24. Nd3 Rb7 25. Rc4 Ra8 26. Kf2 Nb3 27. Bf4 c5 28. Be5 Rb5 29.
Bc3 f5 30. h4 Kf7 31. h5 Ke6 32. Nf4+ Kf7 33. hxg6+ hxg6 34. Nd3 Ke6 35. Rh4 Rb6 36. Nf4+ Kd7 37. Rh7+ Kc8 38. Rg7 Nd4 39. Nxg6 Ne6 40. Re7 Nd4 41. Nf4 Nc6 42. Rf7 Ra7 43. Rxf5 Rb5 44. g4 Rd7 45. g5 Ne7 46. Rf8+ Kb7 47. g6 Rb6 48. g7 Rh6 49. Rf7 Kc6 50. Rxe7 Rd8 51. Rf7 1-0

[Event "GrandPrix_29.05"]
[Site "Chess.com"]
[Date "2020.05.29"]
[Round "1"]
[White "chansen64"]
[Black "Martin_Petrov2000"]
[Result "0-1"]
[WhiteElo "2098"]
[BlackElo "2552"]
[TimeControl "600+2"]
[EndTime "9:21:36 PDT"]
[Termination "Martin_Petrov2000 won by resignation"]

1. Nf3 c5 2. c4 Nc6 3. g3 e5 4.
Nc3 g6 5. Bg2 Bg7 6. O-O Nge7 7.
d3 d6 8. Ne1 Be6 9. Nc2 d5 10.
cxd5 Nxd5 11. Ne4 b6 12. Ng5 Bc8 13. Ne3 Nde7 14. a4 O-O 15. Nc4 f5 16. f4 h6 17. Nf3 exf4 18. gxf4 Be6 19. Nfe5 Rc8 20. Ra3 Nxe5 21. Nxe5 Kh7 22. Nf3 Nc6 23. e3 Qd7 24. Qe2 Rcd8 25. Rd1 Rfe8 26. Qf1 Bf7 27. Kh1 Na5 28.
d4 Nb3 29. Qd3 Bd5 30. Rxb3 c4 31. Qd2 cxb3 32. Qb4 Rc8 33. Bd2 Rc2 0-1

[Event "GrandPrix_29.05"]
[Site "Chess.com"]
[Date "2020.05.29"]
[Round "1"]
[White "AlexPapasimakopoulos"]
[Black "Sporty207"]
[Result "0-1"]
[WhiteElo "1198"]
[BlackElo "2237"]
[TimeControl "600+2"]
[EndTime "9:21:42 PDT"]
[Termination "Sporty207 won by resignation"]

1. d4 d5 2. c4 e6 3. Nc3 c6 4. e3 Nf6 5. Nf3 Nbd7 6. Qc2 Bd6 7. b3 O-O 8. Bd3 e5 9. dxe5 Nxe5 10. Nxe5 Bxe5 11.
Bb2 Re8 12. O-O-O a5 13. Kb1 Be6 14. h3 Qe7 15. g4 a4 16. g5 axb3 17. axb3 dxc4 18.
bxc4 Nd7 19. f4 Nc5 20. Bxh7+ Kh8 21. fxe5 b5 22. cxb5 Bb3 23. Qf5 Be6 24. Qc2 Bb3 25.
Qf5 Be6 26. Qf2 Kxh7 27. e4 cxb5 28. Rd6 Qa7 29. Rc6 Rec8 30. Rxc8 Rxc8 31. Rd1 b4 32.
Nd5 Ra8 33. Bd4 b3 34. g6+ fxg6 35. Qh4+ Kg8 36. Ne7+ Kf7 37. Rf1+ Ke8 38. Rf2 Qa5 39.
Re2 Qa6 40. Qe1 Qd3+ 41. Kc1 Qxd4 0-1